| TOP OF THE 1ST |
|
Madison Brewers batting - Pitching for Victoria Capitals : LHP Kevin Roberts
|
|
Pitching: LHP Kevin Roberts
|
|
|
Batting: LHB Rick Campbell
|
0-0: Ball 1-0: Ball 2-0: Ball 3-0: Called Strike 3-1: DOUBLE (Groundball, 3L, EV 94.4 MPH)
|
|
Batting: RHB Chris Fruit
|
0-0: Ball 1-0: Foul Ball, location: 2F 1-1: Swinging Strike 1-2: Ball 2-2: Fly out, F9 (Flyball, 89S, EV 81.3 MPH)
|
|
Batting: SHB Aaron Neill
|
0-0: Called Strike 0-1: Ball 1-1: SINGLE (Flyball, 6D, EV 87.5 MPH) Rick Campbell to third
|
|
Batting: SHB Jerry Duffy
|
0-0: Ball Aaron Neill steals 2nd base 1-0: Fly out, F7 (Flyball, 7, EV 86.3 MPH)
|
|
Batting: RHB Victor Alarcon
|
0-0: Ball 1-0: Called Strike 1-1: Called Strike 1-2: Foul Ball, location: 2F 1-2: Foul Ball, location: 2F 1-2: Ball 2-2: Strikes out swinging
|
| Top of the 1st over - 0 runs, 2 hits, 0 errors, 2 left on base; Madison 0 - Victoria 0 |
| BOTTOM OF THE 1ST |
|
Victoria Capitals batting - Pitching for Madison Brewers : RHP Josh Brakefield
|
|
Pitching: RHP Josh Brakefield
|
|
|
Batting: RHB Nick Edmunds
|
0-0: Called Strike 0-1: Fly out, F3 (Line Drive, 3, EV 71.3 MPH)
|
|
Batting: RHB Tomokazu Sugimoto
|
0-0: Ball 1-0: Called Strike 1-1: Ball 2-1: SINGLE (Line Drive, 7LS, EV 105.0 MPH)
|
|
Batting: RHB Victor Rosas
|
0-0: Ball Tomokazu Sugimoto steals 2nd base 1-0: Called Strike 1-1: Ground out 6-3 (Groundball, 6M, EV 83.8 MPH) Tomokazu Sugimoto to third
|
|
Batting: LHB Taki Matsui
|
0-0: Ground out 6-3 (Groundball, 6S, EV 86.3 MPH)
|
| Bottom of the 1st over - 0 runs, 1 hit, 0 errors, 1 left on base; Madison 0 - Victoria 0 |
| TOP OF THE 2ND |
|
Madison Brewers batting - Pitching for Victoria Capitals : LHP Kevin Roberts
|
|
Batting: SHB Ramon Perez
|
0-0: Ball 1-0: TRIPLE (Flyball, 8RXD, EV 105.6 MPH)
|
|
Batting: RHB Herb McIntyre
|
0-0: Fly out, F6 (Popup, 6, EV 76.9 MPH)
|
|
Batting: RHB Leo Serrano
|
0-0: Ball 1-0: Called Strike 1-1: Foul Ball, location: 2F 1-2: Foul Ball, location: 2F 1-2: Ball 2-2: Ball 3-2: Foul Ball, location: 2F 3-2: TRIPLE (Flyball, 89XD, EV 90.6 MPH) Ramon Perez scores
|
|
Batting: RHB Justin Marino
|
0-0: Called Strike 0-1: Called Strike 0-2: Strikes out swinging
|
|
Batting: LHB Rick Campbell
|
0-0: Called Strike 0-1: Swinging Strike 0-2: SINGLE (Groundball, 56, EV 104.4 MPH) (infield hit) Leo Serrano scores
|
|
Batting: RHB Chris Fruit
|
0-0: Called Strike Rick Campbell steals 2nd base 0-1: Swinging Strike 0-2: Ball 1-2: Ball 2-2: Foul Ball, location: 2F 2-2: Ball 3-2: SINGLE (Groundball, 56D, EV 98.1 MPH) Rick Campbell to third Runner from 3rd tries for Home, SAFE, throw by LF to home
|
|
Batting: SHB Aaron Neill
|
0-0: Ball 1-0: Ball 2-0: Swinging Strike 2-1: Ball 3-1: Fly out, F2 (Popup, 2LF, EV 89.4 MPH)
|
| Top of the 2nd over - 3 runs, 4 hits, 0 errors, 1 left on base; Madison 3 - Victoria 0 |
| BOTTOM OF THE 2ND |
|
Victoria Capitals batting - Pitching for Madison Brewers : RHP Josh Brakefield
|
|
Batting: SHB Carlos Luna
|
0-0: Foul Ball, location: 2F 0-1: Ball 1-1: Foul Ball, location: 2F 1-2: Fly out, F8 (Flyball, 89XD, EV 90.6 MPH)
|
|
Batting: LHB Chang Huie
|
0-0: Ball 1-0: Foul Ball, location: 2F 1-1: Called Strike 1-2: Ground out 4-3 (Groundball, 4, EV 85.6 MPH)
|
|
Batting: LHB Ryan Daniels
|
0-0: Ground out 5-3 (Groundball, 56, EV 86.9 MPH)
|
| Bottom of the 2nd over - 0 runs, 0 hits, 0 errors, 0 left on base; Madison 3 - Victoria 0 |
| TOP OF THE 3RD |
|
Madison Brewers batting - Pitching for Victoria Capitals : LHP Kevin Roberts
|
|
Batting: SHB Jerry Duffy
|
0-0: Ball 1-0: Ball 2-0: Fly out, F7 (Flyball, 7D, EV 100.6 MPH)
|
|
Batting: RHB Victor Alarcon
|
0-0: Ball 1-0: Swinging Strike 1-1: Foul Ball, location: 2F 1-2: Ball 2-2: Foul Ball, location: 2F 2-2: SOLO HOME RUN (Flyball, 78XD, EV 97.5 MPH), Distance : 381 ft
|
|
Batting: SHB Ramon Perez
|
0-0: Ball 1-0: Ball 2-0: Ball 3-0: Base on Balls
|
|
Batting: RHB Herb McIntyre
|
0-0: Ball 1-0: Foul Ball, location: 2F 1-1: Ball 2-1: Ball 3-1: Fly out, F8 (Flyball, 8LS, EV 91.9 MPH)
|
|
Batting: RHB Leo Serrano
|
0-0: Fielders Choice at 2nd, 6-4 (Groundball, 6, EV 90.0 MPH)
|
| Top of the 3rd over - 1 run, 1 hit, 0 errors, 1 left on base; Madison 4 - Victoria 0 |
| BOTTOM OF THE 3RD |
|
Victoria Capitals batting - Pitching for Madison Brewers : RHP Josh Brakefield
|
|
Batting: SHB Ray Skogen
|
0-0: Ball 1-0: Called Strike 1-1: Swinging Strike 1-2: Foul Ball, location: 2F 1-2: Single, Error in OF, E8, batter to second base (Line Drive, 8LM, EV 105.6 MPH)
|
|
Batting: RHB Jesus Santiago
|
0-0: Called Strike 0-1: Foul Ball, location: 2F 0-2: Strikes out swinging
|
|
Batting: RHB Nick Edmunds
|
0-0: Called Strike 0-1: Ball 1-1: Called Strike 1-2: Ball 2-2: SINGLE (Flyball, 8RS, EV 91.3 MPH) Ray Skogen to third
|
|
Batting: RHB Tomokazu Sugimoto
|
0-0: Ball 1-0: Ball 2-0: Called Strike 2-1: Ball 3-1: Foul Ball, location: 2F 3-2: Base on Balls Nick Edmunds to second
|
|
Batting: RHB Victor Rosas
|
0-0: Foul Ball, location: 2F 0-1: Ball 1-1: Ball 2-1: Ball 3-1: Called Strike 3-2: Base on Balls Ray Skogen scores Nick Edmunds to third Tomokazu Sugimoto to second
|
|
Batting: LHB Taki Matsui
|
0-0: Swinging Strike 0-1: Ball 1-1: Called Strike 1-2: Ball 2-2: Foul Ball, location: 2F 2-2: Ball 3-2: Base on Balls Nick Edmunds scores Tomokazu Sugimoto to third Victor Rosas to second
|
|
Batting: SHB Carlos Luna
|
0-0: Called Strike 0-1: Grounds into double play, 5-4-3 (Groundball, 56S, EV 78.1 MPH)
|
| Bottom of the 3rd over - 2 runs, 2 hits, 1 error, 2 left on base; Madison 4 - Victoria 2 |
| TOP OF THE 4TH |
|
Madison Brewers batting - Pitching for Victoria Capitals : LHP Kevin Roberts
|
|
Batting: RHB Justin Marino
|
0-0: Foul Ball, location: 2F 0-1: Swinging Strike 0-2: Ground out 4-3 (Groundball, 4D, EV 81.3 MPH)
|
|
Batting: LHB Rick Campbell
|
0-0: Called Strike 0-1: Called Strike 0-2: Ground out 1-3 (Groundball, 34S, EV 72.5 MPH)
|
|
Batting: RHB Chris Fruit
|
0-0: Ball 1-0: Ball 2-0: Ball 3-0: Called Strike 3-1: Base on Balls
|
|
Batting: SHB Aaron Neill
|
0-0: Called Strike 0-1: Ball 1-1: SINGLE (Groundball, 4D, EV 98.1 MPH) Chris Fruit to second Runner from 2nd tries for 3rd, SAFE, no throw by RF
|
|
Batting: SHB Jerry Duffy
|
0-0: Ball 1-0: Called Strike 1-1: Ball 2-1: Foul Ball, location: 2F 2-2: Ball 3-2: Base on Balls Aaron Neill to second
|
|
Pitching: RHP Frank Cabrera
|
|
|
Batting: RHB Victor Alarcon
|
0-0: Ball 1-0: Ball 2-0: Fly out, F9 (Flyball, 9, EV 85.0 MPH)
|
| Top of the 4th over - 0 runs, 1 hit, 0 errors, 3 left on base; Madison 4 - Victoria 2 |
| BOTTOM OF THE 4TH |
|
Victoria Capitals batting - Pitching for Madison Brewers : RHP Josh Brakefield
|
|
Batting: LHB Chang Huie
|
0-0: SINGLE (Line Drive, 78S, EV 105.0 MPH)
|
|
Batting: LHB Ryan Daniels
|
0-0: Called Strike 0-1: Ball 1-1: Fielders Choice at 2nd, 6-4 (Groundball, 6, EV 101.3 MPH)
|
|
Batting: SHB Ray Skogen
|
0-0: Ball 1-0: Swinging Strike 1-1: Fly out, F2 (Popup, 2L, EV 96.3 MPH)
|
|
Batting: RHB Jesus Santiago
|
0-0: Ball 1-0: Swinging Strike 1-1: Ball Ryan Daniels steals 2nd base 2-1: Ball 3-1: Foul Ball, location: 2F 3-2: Base on Balls
|
|
Batting: RHB Nick Edmunds
|
0-0: Foul Ball, location: 2F 0-1: Foul Ball, location: 2F 0-2: Ball 1-2: Fielders Choice at 2nd, 6-4 (Groundball, 6, EV 106.9 MPH)
|
| Bottom of the 4th over - 0 runs, 1 hit, 0 errors, 2 left on base; Madison 4 - Victoria 2 |
| TOP OF THE 5TH |
|
Madison Brewers batting - Pitching for Victoria Capitals : RHP Frank Cabrera
|
|
Batting: SHB Ramon Perez
|
0-0: Ball 1-0: Called Strike 1-1: Ball 2-1: Foul Ball, location: 2F 2-2: Foul Ball, location: 2F 2-2: Ball 3-2: Ground out U3 (Groundball, 23, EV 81.9 MPH)
|
|
Batting: RHB Herb McIntyre
|
0-0: Ground out 5-3 (Groundball, 56, EV 75.6 MPH)
|
|
Batting: RHB Leo Serrano
|
0-0: Ball 1-0: Swinging Strike 1-1: Ground out U3 (Groundball, 34, EV 89.4 MPH)
|
| Top of the 5th over - 0 runs, 0 hits, 0 errors, 0 left on base; Madison 4 - Victoria 2 |
| BOTTOM OF THE 5TH |
|
Victoria Capitals batting - Pitching for Madison Brewers : RHP Josh Brakefield
|
|
Batting: RHB Tomokazu Sugimoto
|
0-0: Ball 1-0: Foul Ball, location: 2F 1-1: Ball 2-1: Ball 3-1: Base on Balls
|
|
Pitching: LHP Tim Phillips
|
|
|
Batting: RHB Victor Rosas
|
0-0: Ball 1-0: Swinging Strike 1-1: Ball 2-1: Foul Ball, location: 2F 2-2: DOUBLE (Groundball, 5L, EV 108.1 MPH) Tomokazu Sugimoto to third
|
|
Batting: LHB Taki Matsui
|
0-0: Ball 1-0: Called Strike 1-1: Called Strike 1-2: Ball 2-2: Foul Ball, location: 2F 2-2: Ball 3-2: Base on Balls
|
|
Batting: SHB Carlos Luna
|
0-0: Called Strike 0-1: Foul Ball, location: 2F 0-2: Strikes out swinging
|
|
Batting: LHB Chang Huie
|
0-0: SINGLE (Groundball, 4D, EV 95.0 MPH) Tomokazu Sugimoto scores Victor Rosas to third Taki Matsui to second Runner from 3rd tries for Home, SAFE, throw by CF to home
|
|
Pinch Hitting: SHB Frank Amato
|
0-0: Ball 1-0: DOUBLE (Line Drive, 89D, EV 114.4 MPH) Taki Matsui scores Chang Huie to third Runner from 3rd tries for Home, SAFE, throw by RF to trailing runner, SAFE at third!
|
|
Batting: SHB Ray Skogen
|
0-0: Ball 1-0: Foul Ball, location: 2F 1-1: Ball 2-1: Foul Ball, location: 2F 2-2: SINGLE (Groundball, 56, EV 110.6 MPH) Frank Amato scores
|
|
Pitching: RHP Omar Morales
|
|
|
Batting: RHB Jesus Santiago
|
0-0: Ball Ray Skogen steals 2nd base 1-0: Ball 2-0: Called Strike 2-1: Foul Ball, location: 2F 2-2: Strikes out looking
|
|
Batting: RHB Nick Edmunds
|
0-0: Called Strike 0-1: Foul Ball, location: 2F 0-2: Fly out, F9 (Flyball, 89D, EV 103.8 MPH)
|
| Bottom of the 5th over - 5 runs, 4 hits, 0 errors, 1 left on base; Madison 4 - Victoria 7 |
| TOP OF THE 6TH |
|
Madison Brewers batting - Pitching for Victoria Capitals : RHP Frank Cabrera
|
|
Now in LF: Heihachiro Fujita
|
|
|
Pinch Hitting: LHB Sal Burgos
|
0-0: Foul Ball, location: 2F 0-1: Ball 1-1: Foul Ball, location: 2F 1-2: Ball 2-2: Foul Ball, location: 2F 2-2: Strikes out swinging
|
|
Pitching: RHP Sid Lampone
|
|
|
Batting: LHB Rick Campbell
|
0-0: Ball 1-0: Ball 2-0: Swinging Strike 2-1: Called Strike 2-2: Strikes out swinging
|
|
Batting: RHB Chris Fruit
|
0-0: Swinging Strike 0-1: Called Strike 0-2: Ball 1-2: Strikes out looking
|
| Top of the 6th over - 0 runs, 0 hits, 0 errors, 0 left on base; Madison 4 - Victoria 7 |
| BOTTOM OF THE 6TH |
|
Victoria Capitals batting - Pitching for Madison Brewers : RHP Omar Morales
|
|
Now at 2B: Nick Moore
|
|
|
Now at SS: Rick Campbell
|
|
|
Batting: RHB Tomokazu Sugimoto
|
0-0: Ball 1-0: Ball 2-0: Ball 3-0: Called Strike 3-1: Foul Ball, location: 2F 3-2: Ground out 4-3 (Groundball, 34, EV 88.1 MPH)
|
|
Batting: RHB Victor Rosas
|
0-0: Called Strike 0-1: Foul Ball, location: 2F 0-2: Ball 1-2: SOLO HOME RUN (Flyball, 7D, EV 110.6 MPH) (Inside the Park)
|
|
Batting: LHB Taki Matsui
|
0-0: Ball 1-0: Ball 2-0: Foul Ball, location: 2F 2-1: Foul Ball, location: 2F 2-2: Strikes out swinging
|
|
Batting: SHB Carlos Luna
|
0-0: Ball 1-0: Ball 2-0: Ball 3-0: Base on Balls
|
|
Batting: LHB Chang Huie
|
0-0: Called Strike 0-1: Foul Ball, location: 2F 0-2: Foul Ball, location: 2F 0-2: DOUBLE (Line Drive, 78D, EV 106.9 MPH) Carlos Luna to third Runner from 3rd tries for Home, throw by LF and OUT! 7-6-2
|
| Bottom of the 6th over - 1 run, 2 hits, 0 errors, 1 left on base; Madison 4 - Victoria 8 |
| TOP OF THE 7TH |
|
Madison Brewers batting - Pitching for Victoria Capitals : RHP Sid Lampone
|
|
Batting: SHB Aaron Neill
|
0-0: Ball 1-0: Ball 2-0: Foul Ball, location: 2F 2-1: Ball 3-1: Base on Balls
|
|
Batting: SHB Jerry Duffy
|
0-0: Foul Ball, location: 2F 0-1: Foul Ball, location: 2F 0-2: Ball Wild Pitch! Aaron Neill to second 1-2: Ball 2-2: Ball 3-2: Strikes out looking
|
|
Pitching: RHP Jose Acevedo
|
|
|
Batting: RHB Victor Alarcon
|
0-0: Ball 1-0: Swinging Strike 1-1: Foul Ball, location: 2F 1-2: Foul Ball, location: 2F 1-2: Foul Ball, location: 2F 1-2: Strikes out looking
|
|
Batting: SHB Ramon Perez
|
0-0: Swinging Strike 0-1: Ball 1-1: Swinging Strike 1-2: Ball 2-2: Ball 3-2: Base on Balls
|
|
Batting: RHB Herb McIntyre
|
0-0: Swinging Strike 0-1: Ball 1-1: Ball 2-1: Ball 3-1: Called Strike 3-2: Strikes out looking
|
| Top of the 7th over - 0 runs, 0 hits, 0 errors, 2 left on base; Madison 4 - Victoria 8 |
| BOTTOM OF THE 7TH |
|
Victoria Capitals batting - Pitching for Madison Brewers : RHP Omar Morales
|
|
Pitching: RHP Joe Gonzales
|
|
|
Batting: RHB Heihachiro Fujita
|
0-0: Foul Ball, location: 2F 0-1: Ball 1-1: Ball 2-1: Foul Ball, location: 2F 2-2: Strikes out looking
|
|
Batting: SHB Ray Skogen
|
0-0: Swinging Strike 0-1: Called Strike 0-2: Foul Ball, location: 2F 0-2: Ball 1-2: Ball 2-2: Foul Ball, location: 2F 2-2: Strikes out swinging, 2-3 out at first.
|
|
Batting: RHB Jesus Santiago
|
0-0: Ball 1-0: Called Strike 1-1: Ball 2-1: Foul Ball, location: 2F 2-2: Ball 3-2: Foul Ball, location: 2F 3-2: Foul Ball, location: 2F 3-2: Strikes out looking
|
| Bottom of the 7th over - 0 runs, 0 hits, 0 errors, 0 left on base; Madison 4 - Victoria 8 |
| TOP OF THE 8TH |
|
Madison Brewers batting - Pitching for Victoria Capitals : RHP Jose Acevedo
|
|
Pitching: LHP Ben Burton
|
|
|
Batting: RHB Leo Serrano
|
0-0: Ground out 6-3 (Groundball, 6S, EV 88.1 MPH)
|
|
Batting: RHB Nick Moore
|
0-0: Ball 1-0: Ball 2-0: Foul Ball, location: 2F 2-1: Ground out 6-3 (Groundball, 6, EV 106.3 MPH)
|
|
Batting: LHB Rick Campbell
|
0-0: SINGLE (Groundball, 56S, EV 72.5 MPH) (infield hit)
|
|
Batting: RHB Chris Fruit
|
0-0: Called Strike 0-1: Swinging Strike 0-2: Ball 1-2: Ball 2-2: Foul Ball, location: 2F 2-2: Foul Ball, location: 2F 2-2: Ball 3-2: Foul Ball, location: 2F 3-2: Strikes out swinging
|
| Top of the 8th over - 0 runs, 1 hit, 0 errors, 1 left on base; Madison 4 - Victoria 8 |
| BOTTOM OF THE 8TH |
|
Victoria Capitals batting - Pitching for Madison Brewers : RHP Joe Gonzales
|
|
Pitching: LHP Bill Dunham
|
|
|
Batting: RHB Nick Edmunds
|
0-0: Ball 1-0: Ball 2-0: Ball 3-0: Called Strike 3-1: Foul Ball, location: 2F 3-2: Foul Ball, location: 2F 3-2: DOUBLE (Flyball, 8LD, EV 91.3 MPH)
|
|
Batting: RHB Tomokazu Sugimoto
|
0-0: Called Strike 0-1: Ball 1-1: Ball 2-1: Fly out, F4 (Line Drive, 4, EV 67.5 MPH)
|
|
Batting: RHB Victor Rosas
|
0-0: Swinging Strike 0-1: Ground out 4-3 (Groundball, 4, EV 81.3 MPH) Nick Edmunds to third
|
|
Batting: LHB Taki Matsui
|
0-0: Ball 1-0: Called Strike 1-1: Foul Ball, location: 2F 1-2: Ball 2-2: Foul Ball, location: 2F 2-2: Ball 3-2: Foul Ball, location: 2F 3-2: Ground out 5-3 (Groundball, 56, EV 90.6 MPH)
|
| Bottom of the 8th over - 0 runs, 1 hit, 0 errors, 1 left on base; Madison 4 - Victoria 8 |
| TOP OF THE 9TH |
|
Madison Brewers batting - Pitching for Victoria Capitals : LHP Ben Burton
|
|
Batting: SHB Aaron Neill
|
0-0: Ball 1-0: Ball 2-0: Called Strike 2-1: SINGLE (Line Drive, 78S, EV 98.8 MPH)
|
|
Batting: SHB Jerry Duffy
|
0-0: Swinging Strike 0-1: Swinging Strike 0-2: Strikes out swinging
|
|
Batting: RHB Victor Alarcon
|
0-0: Ball 1-0: Called Strike 1-1: Ball 2-1: Fly out, F8 (Flyball, 8LD, EV 101.9 MPH)
|
|
Batting: SHB Ramon Perez
|
0-0: Swinging Strike 0-1: Swinging Strike 0-2: Strikes out swinging
|
| Top of the 9th over - 0 runs, 1 hit, 0 errors, 1 left on base; Madison 4 - Victoria 8 |
|